Match 46156117
Unlisted

Match 46156117
End
Construct Section Command Post
Royal Engineer Section
Infantry Section
Infantry Section
Vickers Machine Gun Team
Construct Platoon Command Post
Selects Heavy Armor Battlegroup
Selects Rigorous Vehicle Training
Humber Armored Car
Selects Forward Repair Assembly
Humber Armored Car
Light Vehicle Training
Construct Field Infirmary
Selects Light Vehicle Withdraw and Refit
Selects UNKNOWN (202330)
Infantry Section
Construct Company Command Post
Light Vehicle Withdraw and Refit
Selects Recon Artillery
Crusader AA Medium Tank
Infantry Section
Infantry Section
Infantry Training
Crusader AA Medium Tank
Grenade Package
6-pounder Anti-tank Gun Team
Selects Churchill Black Prince Heavy Tank
Churchill Black Prince Heavy Tank
Royal Engineer Section
Unlock M3 Grant Medium Tanks
M3 Grant Medium Tank
Foot Guards Section
Foot Guards Section
Recon Artillery
M3 Grant Medium Tank
Armored Vehicle Training
Foot Guards Section
bigrat
chochomie
pipiku
Dark Lord Cthulhu
0
0

Comments sign in to comment!

No comments posted yet!